 Dungeon Crawl Stone Soup version 0.32-a0-868-g153ae1a8d6 (webtiles) character file.

Game seed: 13855012905229021181

18 edesousacosta the Slasher (level 2, 0/14 (23) HPs)
             Began as a Barachi Reaver on Mar 28, 2024.
             Slain by a quokka (3 damage)
             ... on level 1 of the Dungeon.
             The game lasted 00:10:19 (717 turns).

edesousacosta the Slasher (Barachi Reaver)           Turns: 717, Time: 00:10:19

HP:   0/14 (23)     AC:  3    Str: 13    XL:     2   Next: 70%
MP:   5/5           EV: 10    Int: 13    God:
Gold: 17            SH:  0    Dex: 10    Spells: 4/5 levels left

rFire   . . .        a - +0 falchion
rCold   . . .        (no shield)
rNeg    . . .        b - +0 leather armour
rPois   .            (no helmet)
rElec   .            (no cloak)
rCorr   .            (no gloves)
SInv    .            (no boots)
Will    .....        (no amulet)
Stlth   +            (no ring)
HPRegen 0.22/turn    (no ring)
MPRegen 0.09/turn

%: no passive effects
@: unable to hop, very heavily drained, slow
A: amphibious, slowness 1, strong legs 1, +LOS
a: Hop


You were on level 1 of the Dungeon.
You visited 1 branch of the dungeon, and saw 2 of its levels.

You collected 17 gold pieces.

Inventory:

Hand Weapons
 a - a +0 falchion (weapon)
 c - a +0 mace
 d - a +0 dagger
Missiles
 e - 6 stones
Armour
 b - a +0 leather armour (worn)
 f - a +0 leather armour
Scrolls
 g - a scroll of poison


   Skills:
 + Level 2.4 Fighting
 + Level 4.1 Long Blades
 + Level 0.5 Armour
 + Level 2.2 Dodging
 + Level 2.3 Spellcasting
 + Level 3.7 Conjurations


You had 4 spell levels left.
You knew the following spells:

 Your Spells              Type           Power      Damage    Failure   Level
a - Kiss of Death         Conj/Necr      24%        2d7       14%         1

Your spell library contained the following spells:

 Spells                   Type           Power      Damage    Failure   Level
 Momentum Strike          Conj/Tloc      12%        3d8       22%         2
 Hailstorm                Conj/Ice       6%         3d5       41%         3


Dungeon Overview and Level Annotations

Branches:
Dungeon (2/15)

Altars:


Innate Abilities, Weirdness & Mutations

You are amphibious.
You cover ground slowly.
You can hop short distances.
You have an extended range of vision and can be seen from far away.


Message History

The ball python bites you but does no damage.
The ball python closely misses you. The ball python bites you.
The ball python grabs you. The ball python constricts you.
You escape the ball python's grasp.
The bat hits you but does no damage. x2
The quokka bites you but does no damage.
The ball python barely misses you. x2; The quokka closely misses you.
The ball python barely misses you. The ball python grabs you.
The ball python constricts you.
You closely miss the ball python. The rat bites you.
The bat hits you but does no damage.
The quokka bites you but does no damage.
The ball python bites you. The ball python constricts you.
The rat bites you but does no damage.
Hop to where?
Press: ? - help, Dir - move target You hop free of the ball python.
Boing!
The bat hits you but does no damage. The bat barely misses you.
The bat misses you. The bat hits you but does no damage.
The bat hits you but does no damage. The quokka closely misses you.
The bat misses you. The ball python closely misses you.
The ball python grabs you. The ball python constricts you.
The quokka attacks as it pursues you!
The quokka bites you but does no damage.
The ball python bites you. The ball python constricts you.
You escape the ball python's grasp.
The bat hits you but does no damage. The quokka closely misses you.
The bat completely misses you. The quokka misses you.
The bat hits you but does no damage. The ball python completely misses you.
The quokka bites you.
* * * LOW HITPOINT WARNING * * *
The ball python bites you but does no damage.
The ball python barely misses you. The bat hits you but does no damage.
The bat closely misses you. The quokka closely misses you.
The bat hits you but does no damage. The bat barely misses you.
The rat bites you but does no damage. The quokka attacks as it pursues you!
The quokka bites you but does no damage.
The quokka bites you.
You die...

..........#
..........############### ######
..........#......##.....###....#.
......#.###....................#.
..#.#.#.###......................
.................................
.................##.....#........
.................S..............#
................@r..............#
...............b.r...............
.......รท.......##................
...............##................
......#.####...##................
###.###.# #...##................
#.# #.# #...##................
#.###.# #...##................
#.....# #...#######..###......


You could see a quokka, a bat, a ball python and a rat.

Vanquished Creatures
  A dart slug (D:1)
  An endoplasm (D:1)
  A giant cockroach (D:1)
  2 hobgoblins
  A kobold (D:2)
  A quokka (D:1)
  3 bats (D:1)
  2 frilled lizards (D:1)
  2 goblins (D:1)
  2 rats (D:1)
16 creatures vanquished.

Notes
Turn   | Place    | Note
-------+----------+-------------------------------------------
     0 | D:1      | edesousacosta the Barachi Reaver began the quest for the
                  | Orb.
     0 | D:1      | Reached XP level 1. HP: 17/17 MP: 3/3
   220 | D:1      | Reached XP level 2. HP: 13/13 MP: 3/5
   461 | D:1      | Reached skill level 4 in Long Blades
   717 | D:1      | Slain by a quokka

Illustrated notes

Levels and vault maps discovered:
D:1:      dpeg_arrival_morbid_curiosity, layout_basic, minmay_tetromino_l4
D:2:      layout_rooms, minmay_ruptured

Skill      XL: |  1  2 |
---------------+-------+-----
Long Blades    | 4 |  4.1
Fighting       | |  2.4
Armour         | |  0.5
Dodging        | |  2.2
Spellcasting   | |  2.3
Conjurations   | |  3.7

Action                     || total
---------------------------++-------
  Melee: Falchion          ||    40
   Cast: Kiss of Death     ||     4
Ability: Hop               ||     3
    Use: Scroll            ||     1
 Armour: Leather armour    ||    96
  Dodge: Dodged            ||    92

Table legend: (Time is in decaauts)
 A = Elapsed time spent in this place.
 B = Non-inter-level travel time spent in this place.
 C = Inter-level travel time spent in this place.
 D = Time resting spent in this place.
 E = Time spent auto-exploring this place.
 F = Levels seen in this place.
 G = Mean time per level.
                   A        B        C        D        E       F      G
               +--------+--------+--------+--------+--------+-----+--------+
         Total |    812 |    812 |      0 |    188 |     29 |   2 |  406.0 |
       Dungeon |    812 |    812 |      0 |    188 |     29 |   2 |  406.0 |
               +--------+--------+--------+--------+--------+-----+--------+

Top non-repeatable levels by time:
     D:1: 722 daAuts
     D:2: 89 daAuts
